 Dungeon Crawl Stone Soup version 0.29-a0-474-gdfe5cd140f (webtiles) character file.

Game seed: 3453533981151834448

1070 Heh the Fighter (level 8, -6/63 HPs)
             Began as an Octopode Fighter on May 23, 2022.
             Mangled by an ogre
             ... wielding a +0 giant club
              (13 damage)
             ... on level 5 of the Dungeon.
             The game lasted 00:07:42 (5523 turns).

Heh the Fighter (Octopode Fighter)                  Turns: 5523, Time: 00:07:43

Health: -6/63      AC:  5    Str: 16    XL:     8   Next: 28%
Magic:  8/8        EV: 13    Int: 16    God:
Gold:   267        SH:  4    Dex: 13    Spells: 7/7 levels left

rFire   . . .      SeeInvis .   H - +2 whip (distort)
rCold   + . .      Faith    .   b - +0 buckler
rNeg    . . .      Spirit   .   (helmet restricted)
rPois   .          Reflect  .   (no amulet)
rElec   .          Harm     .   i - +4 ring of protection
rCorr   .          Rampage  .   y - +6 ring of intelligence
Will    .....                   z - ring of protection from cold
Stlth   ++........              (no ring)
HPRegen 0.20/turn               (no ring)
MPRegen 0.11/turn               (no ring)
                                (no ring)
                                (no ring)

@: no status effects
A: almost no armour, amphibious, 8 rings, camouflage 1, gelatinous body 1,
(nimble swimmer 1), tentacles
a: no special abilities


You were on level 5 of the Dungeon.
You visited 1 branch of the dungeon, and saw 5 of its levels.

You collected 267 gold pieces.

Inventory:

Hand Weapons
 a - a +0 rapier
 D - a +2 dagger of holy wrath
 H - a +2 whip of distortion (weapon)
Missiles
 e - 5 boomerangs (quivered)
 f - a poisoned dart
 n - 3 datura-tipped darts
Armour
 b - a +0 buckler (worn)
Jewellery
 i - a +4 ring of protection (left tentacle)
 y - a +6 ring of intelligence (right tentacle)
 z - a ring of protection from cold (on tentacle)
 F - a ring of willpower
Wands
 v - a wand of flame (11)
 C - a wand of acid (1)
Scrolls
 d - 8 scrolls of identify {unknown}
 g - 6 scrolls of teleportation {unknown}
 h - a scroll of poison {unknown}
 k - 3 scrolls of fog {unknown}
 l - a scroll of enchant weapon {unknown}
 m - 2 scrolls of immolation {unknown}
 p - 2 scrolls of magic mapping {unknown}
 r - 2 scrolls of summoning {unknown}
 s - a scroll of blinking {unknown}
 t - a scroll of noise {unknown}
 A - a scroll of amnesia {unknown}
 G - a scroll of vulnerability {unknown}
Potions
 c - 2 potions of might
 j - 2 potions of curing
 o - a potion of lignification {unknown}
 q - a potion of mutation {unknown}
 u - a potion of heal wounds {unknown}
 w - a potion of magic {unknown}
 x - a potion of cancellation {unknown}
 B - a potion of flight {unknown}
 E - a potion of berserk rage {unknown}


   Skills:
 * Level 9.5 Fighting
 - Level 2.8 Short Blades
 + Level 3.7 Dodging
 - Level 3.0 Shields


You had 7 spell levels left.
You didn't know any spells.
Your spell library contained the following spells:

 Spells                   Type           Power      Damage    Failure   Level
 Blink                    Tloc           0%         N/A       45%         2
 Call Canine Familiar     Summ           0%         N/A       69%         3
 Lesser Beckoning         Tloc           0%         N/A       69%         3
 Portal Projectile        Hex/Tloc       0%         N/A       69%         3
 Leda's Liquefaction      Hex/Erth       0%         N/A       97%         4
 Manifold Assault         Tloc           0%         N/A       100%        5


Dungeon Overview and Level Annotations

Branches:
Dungeon (5/15)
 Temple: D:4-7

Altars:
Uskayaw


Innate Abilities, Weirdness & Mutations

You cannot wear most types of armour.
You are amphibious.
You can wear up to eight rings at the same time.
Your skin changes colour to match your surroundings (Stealth+).
Your rubbery body absorbs attacks. (AC +1, EV +1)
((You are camouflaged when in or above water. (Stealth+)))
You have tentacles for arms and can constrict up to eight enemies at once.


Message History

You hit the gnoll but do no damage. Your grab misses the gnoll.
The gnoll closely misses you.
An ogre comes into view. It is wielding a +0 giant club.
You closely miss the gnoll. You grab the gnoll.
You squeeze the gnoll, but do no damage.
You constrict the gnoll. The gnoll barely misses you.
A gnoll comes into view. It is wielding a +0 whip.
The gnoll shouts!
You puncture the gnoll!
The gnoll is severely wounded.
You constrict the gnoll. The gnoll barely misses you.
You hit the gnoll but do no damage. You squeeze the gnoll.
You kill the gnoll!
The gnoll closely misses you. The gnoll closely misses you.
Items here: $ ( ))) [ †.
H - a +2 whip of distortion The ogre attacks as you move away!
The ogre hits you with a +0 giant club!!
The gnoll closely misses you. The gnoll attacks as you move away!
The gnoll barely misses you. You block the gnoll's attack.
Things that are here:
a +0 giant club; an ogre corpse; a scorpion corpse
Okay, then.
The ogre attacks as you move away! The ogre hits you with a +0 giant club.
Really wield
H - a +2 whip of distortion?
Space warps around you for a moment!
H - a +2 whip of distortion (weapon)
You barely miss the ogre. The ogre barely misses you.
You feel better. The gnoll closely misses you.
You hit the ogre.
Space warps around the ogre.
You squeeze the ogre!
The ogre is heavily wounded.
The ogre hits you with a +0 giant club!
The gnoll hits you from afar with a +0 halberd!
* * * LOW HITPOINT WARNING * * *
You completely miss the ogre. You squeeze the ogre.
The ogre is heavily wounded.
The gnoll barely misses you. The ogre hits you with a +0 giant club!
You die...

####.##.......?
...............
...............
#............ #...#+#
#..h#.# #..<#.#
####...#.#######.###
...(.....$ggO@.......
..####.##.########.##
#....# ######


You could see an ogre and 2 gnolls.

Vanquished Creatures
  A sky beast (D:4)
  2 ogres
  A scorpion (D:5)
  A necrophage (D:4)
  A howler monkey (D:3)
  A centaur zombie (D:4)
  A gnoll shaman (D:5)
  2 hounds
  Terence (D:2)
  3 iguanas (D:4)
  3 scorpion zombies (D:4)
  Ijyb (D:4)
  2 hound zombies (D:4)
  A howler monkey zombie (D:4)
  10 gnolls
  8 adders
  A white imp (D:5)
  An adder zombie (D:4)
  4 worms
  2 dart slugs
  An orc (D:4)
  13 endoplasms
  5 giant cockroaches
  5 goblins
  8 hobgoblins
  7 jackals
  3 quokkas
  10 ball pythons
  3 bats
  3 frilled lizards
  A jackal zombie (D:4)
  14 kobolds
  4 rats
124 creatures vanquished.

Vanquished Creatures (others)
  4 withered plants (D:4)
4 creatures vanquished.

Grand Total: 128 creatures vanquished

Notes
Turn   | Place    | Note
-------+----------+-------------------------------------------
     0 | D:1      | Heh the Octopode Fighter began the quest for the Orb.
     0 | D:1      | Reached XP level 1. HP: 16/16 MP: 1/1
   246 | D:1      | Reached XP level 2. HP: 4/21 MP: 2/2
   681 | D:1      | Reached skill level 4 in Fighting
   687 | D:1      | Reached XP level 3. HP: 21/27 MP: 3/3
  1670 | D:2      | Reached XP level 4. HP: 30/34 MP: 4/4
  1791 | D:2      | Reached skill level 5 in Fighting
  2223 | D:2      | Noticed Terence
  2234 | D:2      | Killed Terence
  2235 | D:2      | Reached XP level 5. HP: 28/40 MP: 5/5
  3280 | D:4      | Reached skill level 6 in Fighting
  3417 | D:4      | Reached XP level 6. HP: 43/47 MP: 6/6
  3441 | D:4      | Reached skill level 7 in Fighting
  4019 | D:4      | Noticed Ijyb
  4034 | D:4      | Killed Ijyb
  4035 | D:4      | Reached XP level 7. HP: 23/54 MP: 7/7
  4051 | D:4      | Reached skill level 8 in Fighting
  4493 | D:4      | Noticed a +0 dagger
  4494 | D:4      | Noticed a +0 spear
  4494 | D:4      | Noticed a +0 dagger
  4494 | D:4      | Noticed a +0 spear
  4495 | D:4      | Noticed a +0 short sword
  4495 | D:4      | Noticed a +0 short sword
  4495 | D:4      | Noticed a +0 falchion
  4495 | D:4      | Noticed a +0 falchion
  4612 | D:4      | Found a hide-covered altar of Uskayaw.
  5086 | D:4      | Reached skill level 9 in Fighting
  5332 | D:4      | Reached XP level 8. HP: 63/63 MP: 8/8
  5337 | D:5      | Entered Level 5 of the Dungeon
  5523 | D:5      | Mangled by an ogre

Illustrated notes

Levels and vault maps discovered:
D:1:      wander_arrival_desolate, layout_loops_ring
D:2:      layout_basic, uniq_terence
D:3:      layout_loops_corners, minmay_misc_feat_tiny
D:4:      minmay_chambers_of_threes, layout_rooms, nicolae_uskayaw_en_pointe,
          serial_undead, serial_undead_a, serial_undead_b, serial_undead_c,
          serial_undead_c, serial_undead_c, serial_undead_d, grunt_ministairs_9,
          minivault_24, uniq_ijyb
D:5:      layout_basic, minmay_temple_entry_slanted, uniq_eustachio

Skill      XL: |  1  2  3  4  5  6  7 |
---------------+----------------------+-----
Fighting       | 4 5 6 7 9 |  9.5
Short Blades   | |  2.8
Dodging        | |  3.7
Shields        | |  3.0

Action                   |  1- 3 |  4- 6 |  7- 9 || total
-------------------------+-------+-------+-------++-------
Melee: Rapier            |    75 |   119 |    40 ||   234
       Constrict         |    21 |    28 |    21 ||    70
       Tentacles         |    10 |    30 |    32 ||    72
       Punch             |       |     3 |       ||     3
       Dagger            |       |       |    47 ||    47
       Whip              |       |       |     3 ||     3
Throw: Boomerang         |     2 |       |       ||     2
       Dart              |       |       |     3 ||     3
Evoke: Wand              |       |     3 |     6 ||     9
  Use: Potion            |       |     3 |     1 ||     4
 Stab: Sleeping          |     3 |     8 |       ||    11
       Distracted        |     1 |       |       ||     1
Armor: Skin              |     8 |    36 |    12 ||    56
Dodge: Dodged            |    34 |    98 |    55 ||   187
Block: Buckler           |     9 |    32 |    14 ||    55

Table legend: (Time is in decaauts)
 A = Elapsed time spent in this place.
 B = Non-inter-level travel time spent in this place.
 C = Inter-level travel time spent in this place.
 D = Time resting spent in this place.
 E = Time spent auto-exploring this place.
 F = Levels seen in this place.
 G = Mean time per level.
                   A        B        C        D        E       F      G
               +--------+--------+--------+--------+--------+-----+--------+
         Total |   5550 |   5400 |    150 |    983 |   3575 |   5 | 1110.0 |
       Dungeon |   5550 |   5400 |    150 |    983 |   3575 |   5 | 1110.0 |
               +--------+--------+--------+--------+--------+-----+--------+

Top non-repeatable levels by time:
     D:4: 1634 daAuts
     D:1: 1495 daAuts
     D:3: 1329 daAuts
     D:2: 903 daAuts
     D:5: 187 daAuts
